 Dungeon Sprint DCSS version 0.30-a0-250-g41c1d76940 (webtiles) character file.

Game seed: 9461896274484660583

1300000 ytrimaz the Fiendish (level 14, -25/106 HPs)
             Began as a Demonspawn Monk on Oct 12, 2022.
             Was a Priest of Makhleb.
             Annihilated by a meat berserker
             ... wielding a +9 battleaxe
              (82 damage)
             ... in the Dungeon (Sprint VIII: "Arena of Blood").
             The game lasted 00:00:32 (13 turns).

ytrimaz the Fiendish (Demonspawn Monk)                Turns: 13, Time: 00:00:32

Health: -25/106    AC:  6    Str: 12    XL:     14   Next: 9%
Magic:  2/24       EV: 17    Int: 13    God:    Makhleb [***...]
Gold:   0          SH:  0    Dex: 19    Spells: 27/27 levels left

rFire   . . .      SeeInvis .    i - +โˆž Axe of Woe
rCold   . . .      Faith    .    (shield currently unavailable)
rNeg    . . .      Spirit   .    a - +0 robe
rPois   .          Reflect  .    (no helmet)
rElec   .          Harm     .    (no cloak)
rCorr   +          Rampage  .    (gloves unavailable)
Will    +....      NoTele   +    (no boots)
Stlth   ++++......               (no amulet)
HPRegen 4.37/turn                (no ring)
MPRegen 0.19/turn                (no ring)

@: no status effects
A: claws 3, yellow scales 3, demonic guardian 1, powered by death 2
a: Renounce Religion, Minor Destruction, Lesser Servant of Makhleb


You were in the Dungeon.
You worshipped Makhleb.
Makhleb was most pleased with you.
You visited 1 branch


Innate Abilities, Weirdness & Mutations

You have claws for hands.
You are completely covered in yellow scales. (AC +4, rCorr)
A weak demonic guardian rushes to your aid.
You regenerate health from kills.


   Skills:
 + Level 8.3 Fighting
 + Level 6.7(8.1) Short Blades
 + Level 6.8(8.2) Long Blades
 + Level 6.8(9.5) Axes
 + Level 7.2(9.6) Maces & Flails
 + Level 7.1(9.5) Polearms
 + Level 7.1(9.6) Staves
 + Level 6.9 Ranged Weapons
 + Level 7.3 Throwing
 + Level 7.5 Armour
 + Level 7.6 Dodging
 + Level 7.9 Stealth
 + Level 7.1 Shields
 + Level 7.5 Unarmed Combat
 + Level 7.0 Spellcasting
 + Level 8.2 Conjurations
 + Level 7.7 Hexes
 + Level 7.8 Summonings
 + Level 8.4 Necromancy
 + Level 7.2 Translocations
 + Level 7.0 Transmutations
 + Level 7.7 Fire Magic
 + Level 7.2 Ice Magic
 + Level 6.7 Air Magic
 + Level 7.4 Earth Magic
 + Level 8.1 Poison Magic
 + Level 10.2 Invocations
 + Level 7.5 Evocations


You had 27 spell levels left.
You didn't know any spells.
Your spell library was empty.

Inventory:

Hand Weapons
 i - the +โˆž Axe of Woe (weapon)
   (You found it in the Dungeon)
Armour
 a - a +0 robe (worn)
Scrolls
 h - a scroll of blinking
Potions
 b - a potion of ambrosia
 c - a potion of curing
 d - a potion of heal wounds
 e - a potion of haste
 f - 2 potions of magic
 g - a potion of berserk rage

Dungeon Overview and Level Annotations

Branches:
Dungeon (1/1) Zot: 27000

Altars:
Makhleb

............
...........
o..o....O..
o.....o...
#oo.....#
#.O.....#
...###oOO....###.
....o..@###......
#...oยง..)_..O....
....Oo#..)..#....
......#_.<._# .
..... #.....#
#........_.....
........###......
...###o.. ..###.
#.. ..#


You could see 6 meat berserkers and 11 bags of meat.


Message History

Your Translocations skill increases to level 6!
Your Transmutations skill increases to level 6!
Your Fire Magic skill increases to level 7!
Your Ice Magic skill increases to level 6!
Your Air Magic skill gained 2 levels and is now at level 6!
Your Earth Magic skill increases to level 6!
Your Poison Magic skill increases to level 7!
Your Invocations skill gained 2 levels and is now at level 9!
Your Evocations skill increases to level 6!
You have reached level 12!
You feel clever.
Your demonic ancestry asserts itself...
Your hands twist into claws.
You have reached level 13!
Your demonic ancestry asserts itself...
You feel the presence of a demonic guardian. ๐Ÿ˜Ž HP[+15]
You now have 98 max hp (+15).
Your hp is fully restored (98).
Unknown command.
Press < or > to pray at altars.
Unknown command.
Press < or > to pray at altars. 2 bags of meat and 2 meat berserkers come into view.
The meat berserker appears out of thin air!
A meat berserker comes into view. It is wielding a +9 battleaxe.
The bag of meat shouts!
The meat berserker shouts! x2; You hear a shout! x6
A bag of meat comes into view. It is wielding a +9 war axe.
You hear a shout!
A meat berserker comes into view. It is wielding a +9 battleaxe.
You hear a shout! x7
The bag of meat moves out of view.
The bag of meat shouts!
A meat berserker comes into view. It is wielding a +9 battleaxe.
Items here: )) == โ€ โ€ .
A meat berserker and 3 bags of meat come into view.
The bag of meat shouts!
The meat berserker rages.
You hear a shout! x5
A bag of meat comes into view. It is wielding a +9 war axe.
You hear a shout!
A bag of meat comes into view. It is wielding a +9 war axe.
You hear a shout! x2
The meat berserker rages.
You hear a shout! x2
Unknown command.
Unknown command.
Unknown command.
The bag of meat shouts! x2
You hit the meat berserker.
You pulverise the meat berserker into a thin bloody mist.
You kill the meat berserker!
Makhleb accepts your kill.
The meat berserker appears out of thin air!
A meat berserker comes into view. It is wielding a +9 battleaxe.
You hear a shout! x5
A bag of meat comes into view. It is wielding a +9 war axe.
You hear a shout! x4
The meat berserker rages.
A meat berserker comes into view. It is wielding a +9 battleaxe.
You hear a shout! x2
Your Fighting skill increases to level 8!
Your base Maces & Flails skill increases to level 7!
Your base Polearms skill increases to level 7!
Your base Staves skill increases to level 7!
Your Throwing skill increases to level 7!
Your Armour skill increases to level 7!
Your Shields skill increases to level 7!
Your Unarmed Combat skill increases to level 7!
Your Spellcasting skill increases to level 7!
Your Conjurations skill increases to level 8!
Your Necromancy skill increases to level 8!
Your Translocations skill increases to level 7!
Your Transmutations skill increases to level 7!
Your Ice Magic skill increases to level 7!
Your Earth Magic skill increases to level 7!
Your Poison Magic skill increases to level 8!
Your Invocations skill increases to level 10!
Your Evocations skill increases to level 7!
You have reached level 14!
Your demonic ancestry asserts itself...
Yellow scales cover your body completely. ๐Ÿ˜Ž HP[+8] MP[+1]
You now have 106 max hp (+8).
Your hp is fully restored (106).
Unknown command.
The meat berserker shouts!
You slice the meat berserker!!
You cleave the meat berserker in twain.
You kill the meat berserker!
Makhleb accepts your kill.
You hear a shout! x5
The meat berserker rages.
You hear a shout! x4
The meat berserker hits you with a +9 battleaxe!!!
A demonic guardian appears!
The meat berserker hits your rust devil with a +9 battleaxe!!!
Your rust devil dies!
Your rust devil disappears in a puff of smoke!
A bag of meat comes into view. It is wielding a +9 war axe. x2
You hear a shout!
The meat berserker hits you with a +9 battleaxe!!!!
Ouch! That really hurt!
You die...

Skill      XL: |  1  2  3  4  5  6  7  8  9 10 11 12 13 |
---------------+----------------------------------------+-----
Fighting       | 6 7 8 |  8.3
Short Blades   | 4 6 |  6.7
Long Blades    | 4 6 |  6.8
Axes           | 4 6 |  6.8
Maces & Flails | 5 6 7 |  7.2
Polearms       | 5 6 7 |  7.1
Staves         | 5 6 7 |  7.1
Ranged Weapons | 5 6 |  6.9
Throwing       | 5 6 7 |  7.3
Armour         | 5 6 7 |  7.5
Dodging        | 5 7 |  7.6
Stealth        | 5 7 |  7.9
Shields        | 5 6 7 |  7.1
Unarmed Combat | 5 6 7 |  7.5
Spellcasting   | 5 6 7 |  7.0
Conjurations   | 6 7 8 |  8.2
Hexes          | 5 7 |  7.7
Summonings     | 5 7 |  7.8
Necromancy     | 6 7 8 |  8.4
Translocations | 5 6 7 |  7.2
Transmutations | 5 6 7 |  7.0
Fire Magic     | 6 7 |  7.7
Ice Magic      | 5 6 7 |  7.2
Air Magic      | 4 6 |  6.7
Earth Magic    | 5 6 7 |  7.4
Poison Magic   | 6 7 8 |  8.1
Invocations    | 7 9 10 | 10.2
Evocations     | 5 6 7 |  7.5

Action                   |  1- 3 |  4- 6 |  7- 9 | 10-12 | 13-15 || total
-------------------------+-------+-------+-------+-------+-------++-------
Melee: Executioner's axe |     1 |       |       |     1 |     2 ||     4

Levels and vault maps discovered:
D:        meatsprint

Notes
Turn   | Place    | Note
-------+----------+-------------------------------------------
     0 | D        | Found the +โˆž Axe of Woe
     0 | D        | ytrimaz the Demonspawn Monk began the quest for the Orb.
     0 | D        | Reached XP level 1. HP: 18/18 MP: 1/1
     0 | D        | magus.rc [v1.9.6]
     1 | D        | Noticed a meat berserker
     2 | D        | Noticed a bag of meat
     3 | D        | Became a worshipper of Makhleb the Destroyer
     3 | D        | Reached * piety under Makhleb
     3 | D        | Reached ** piety under Makhleb
     5 | D        | Noticed a meat berserker
     6 | D        | Killed a meat berserker
     7 | D        | Reached skill level 6 in Fighting
     7 | D        | Reached skill level 4 in Short Blades
     7 | D        | Reached skill level 4 in Long Blades
     7 | D        | Reached skill level 4 in Axes
     7 | D        | Reached skill level 5 in Maces & Flails
     7 | D        | Reached skill level 5 in Polearms
     7 | D        | Reached skill level 5 in Staves
     7 | D        | Reached skill level 5 in Ranged Weapons
     7 | D        | Reached skill level 5 in Throwing
     7 | D        | Reached skill level 5 in Armour
     7 | D        | Reached skill level 5 in Dodging
     7 | D        | Reached skill level 5 in Stealth
     7 | D        | Reached skill level 5 in Shields
     7 | D        | Reached skill level 5 in Unarmed Combat
     7 | D        | Reached skill level 5 in Spellcasting
     7 | D        | Reached skill level 6 in Conjurations
     7 | D        | Reached skill level 5 in Hexes
     7 | D        | Reached skill level 5 in Summonings
     7 | D        | Reached skill level 6 in Necromancy
     7 | D        | Reached skill level 5 in Translocations
     7 | D        | Reached skill level 5 in Transmutations
     7 | D        | Reached skill level 6 in Fire Magic
     7 | D        | Reached skill level 5 in Ice Magic
     7 | D        | Reached skill level 4 in Air Magic
     7 | D        | Reached skill level 5 in Earth Magic
     7 | D        | Reached skill level 6 in Poison Magic
     7 | D        | Reached skill level 7 in Invocations
     7 | D        | Reached skill level 5 in Evocations
     7 | D        | Gained mutation: You have sharp fingernails. [demonic
                  | ancestry]
     7 | D        | Reached XP level 2. HP: 29/29 MP: 1/8
     7 | D        | Reached XP level 3. HP: 35/35 MP: 1/9
     7 | D        | Gained mutation: You have very sharp fingernails. [demonic
                  | ancestry]
     7 | D        | Reached XP level 4. HP: 41/41 MP: 1/11
     7 | D        | Gained mutation: You are partially covered in yellow
                  | scales. (AC +2) [demonic ancestry]
     7 | D        | Reached XP level 5. HP: 47/47 MP: 1/12
     7 | D        | Gained mutation: You are mostly covered in yellow scales.
                  | (AC +3) [demonic ancestry]
     7 | D        | Reached XP level 6. HP: 53/53 MP: 1/13
     7 | D        | Gained mutation: You regenerate a little health from kills.
                  | [demonic ancestry]
     7 | D        | Reached XP level 7. HP: 59/59 MP: 1/14
     7 | D        | Reached XP level 8. HP: 65/65 MP: 1/15
     7 | D        | Gained mutation: You regenerate health from kills. [demonic
                  | ancestry]
     7 | D        | Reached XP level 9. HP: 71/71 MP: 1/16
     7 | D        | Reached XP level 10. HP: 77/77 MP: 1/17
     7 | D        | Reached XP level 11. HP: 83/83 MP: 1/18
     9 | D        | Killed a bag of meat
     9 | D        | Killed a meat berserker
     9 | D        | Reached *** piety under Makhleb
    10 | D        | Reached skill level 7 in Fighting
    10 | D        | Reached skill level 6 in Short Blades
    10 | D        | Reached skill level 6 in Long Blades
    10 | D        | Reached skill level 6 in Axes
    10 | D        | Reached skill level 6 in Maces & Flails
    10 | D        | Reached skill level 6 in Polearms
    10 | D        | Reached skill level 6 in Staves
    10 | D        | Reached skill level 6 in Ranged Weapons
    10 | D        | Reached skill level 6 in Throwing
    10 | D        | Reached skill level 6 in Armour
    10 | D        | Reached skill level 7 in Dodging
    10 | D        | Reached skill level 7 in Stealth
    10 | D        | Reached skill level 6 in Shields
    10 | D        | Reached skill level 6 in Unarmed Combat
    10 | D        | Reached skill level 6 in Spellcasting
    10 | D        | Reached skill level 7 in Conjurations
    10 | D        | Reached skill level 7 in Hexes
    10 | D        | Reached skill level 7 in Summonings
    10 | D        | Reached skill level 7 in Necromancy
    10 | D        | Reached skill level 6 in Translocations
    10 | D        | Reached skill level 6 in Transmutations
    10 | D        | Reached skill level 7 in Fire Magic
    10 | D        | Reached skill level 6 in Ice Magic
    10 | D        | Reached skill level 6 in Air Magic
    10 | D        | Reached skill level 6 in Earth Magic
    10 | D        | Reached skill level 7 in Poison Magic
    10 | D        | Reached skill level 9 in Invocations
    10 | D        | Reached skill level 6 in Evocations
    10 | D        | Gained mutation: You have claws for hands. [demonic
                  | ancestry]
    10 | D        | Reached XP level 12. HP: 92/92 MP: 1/21
    10 | D        | Gained mutation: A weak demonic guardian rushes to your
                  | aid. [demonic ancestry]
    10 | D        | Reached XP level 13. HP: 98/98 MP: 1/22
    10 | D        | Noticed a bag of meat
    10 | D        | Noticed a bag of meat
    10 | D        | Noticed a meat berserker
    10 | D        | Noticed a meat berserker
    10 | D        | Noticed a bag of meat
    10 | D        | Noticed a meat berserker
    11 | D        | Noticed a meat berserker
    11 | D        | Noticed a meat berserker
    11 | D        | Noticed a bag of meat
    11 | D        | Noticed a meat berserker
    11 | D        | Noticed a bag of meat
    11 | D        | Noticed a bag of meat
    11 | D        | Noticed a bag of meat
    11 | D        | Noticed a bag of meat
    12 | D        | Killed a meat berserker
    12 | D        | Noticed a bag of meat
    12 | D        | Noticed a meat berserker
    13 | D        | Reached skill level 8 in Fighting
    13 | D        | Reached skill level 7 in Maces & Flails
    13 | D        | Reached skill level 7 in Polearms
    13 | D        | Reached skill level 7 in Staves
    13 | D        | Reached skill level 7 in Throwing
    13 | D        | Reached skill level 7 in Armour
    13 | D        | Reached skill level 7 in Shields
    13 | D        | Reached skill level 7 in Unarmed Combat
    13 | D        | Reached skill level 7 in Spellcasting
    13 | D        | Reached skill level 8 in Conjurations
    13 | D        | Reached skill level 8 in Necromancy
    13 | D        | Reached skill level 7 in Translocations
    13 | D        | Reached skill level 7 in Transmutations
    13 | D        | Reached skill level 7 in Ice Magic
    13 | D        | Reached skill level 7 in Earth Magic
    13 | D        | Reached skill level 8 in Poison Magic
    13 | D        | Reached skill level 10 in Invocations
    13 | D        | Reached skill level 7 in Evocations
    13 | D        | Gained mutation: You are completely covered in yellow
                  | scales. (AC +4, rCorr) [demonic ancestry]
    13 | D        | Reached XP level 14. HP: 106/106 MP: 2/24
    13 | D        | Noticed a meat berserker
    13 | D        | Killed a meat berserker
    13 | D        | Noticed a bag of meat
    13 | D        | Noticed a bag of meat
    13 | D        | Annihilated by a meat berserker

Vanquished Creatures
  4 ogres (D)
  An orc (D)
5 creatures vanquished.

Table legend:
 A = Non-vault XP
 B = Vault XP
 C = Vault XP percentage of total XP
 D = Non-vault monster count
 E = Vault monster count
 F = Vault count percentage of total count
                 A         B        C        D         E       F
            +---------+---------+-------+---------+---------+-------
      Total |   77980 |    9755 |  11.1 |       4 |       1 |  20.0
            +---------+---------+-------+---------+---------+-------
          D |   77980 |    9755 |  11.1 |       4 |       1 |  20.0
            +---------+---------+-------+---------+---------+-------

Illustrated notes

Table legend:
 A = Kills in this place as a percentage of kills in entire the game.
 B = Kills by you in this place as a percentage of kills by you in the entire game.
 C = Kills by friends in this place as a percentage of kills by friends in the entire game.
 D = Other kills in this place as a percentage of other kills in the entire game.
 E = Experience gained in this place as a percentage of experience gained in the entire game.
 F = Experience gained in this place divided by the number of levels of this place that you have seen.
                   A       B       C       D       E      F
               +-------+-------+-------+-------+-------+----------------------
         Total | 100.0 | 100.0 |   N/A |   N/A | 100.0 | 87735.0
       Dungeon | 100.0 | 100.0 |   N/A |   N/A | 100.0 | 87735.0
               +-------+-------+-------+-------+-------+----------------------

Table legend: (Time is in decaauts)
 A = Elapsed time spent in this place.
 B = Non-inter-level travel time spent in this place.
 C = Inter-level travel time spent in this place.
 D = Time resting spent in this place.
 E = Time spent auto-exploring this place.
 F = Levels seen in this place.
 G = Mean time per level.
                   A        B        C        D        E       F      G
               +--------+--------+--------+--------+--------+-----+--------+
         Total |     14 |     14 |      0 |      0 |      0 |   1 |   14.0 |
       Dungeon |     14 |     14 |      0 |      0 |      0 |   1 |   14.0 |
               +--------+--------+--------+--------+--------+-----+--------+

Top non-repeatable levels by time:
       D: 14 daAuts
